 Dungeon Crawl Stone Soup version 0.29-a0-330-g52719c12eb (webtiles) character file.

Game seed: 14795810807548654208

395 HoaS the Quickloader (level 7, -3/40 HPs)
             Began as a Kobold Hunter on May 21, 2022.
             Slain by Duvessa
             ... wielding a +1 rapier of speed
              (5 damage)
             ... on level 5 of the Dungeon.
             The game lasted 00:06:45 (2778 turns).

HoaS the Quickloader (Kobold Hunter)                Turns: 2778, Time: 00:06:46

Health: -3/40      AC:  5    Str:  8    XL:     7   Next: 9%
Magic:  7/7        EV: 14    Int: 10    God:
Gold:   200        SH:  0    Dex: 21    Spells: 6/6 levels left

rFire   + . .      SeeInvis .   j - +2 arbalest (flame)
rCold   . . .      Faith    .   (shield currently unavailable)
rNeg    . . .      Spirit   .   e - +1 leather armour {rF+}
rPois   .          Reflect  .   (no helmet)
rElec   .          Harm     .   (no cloak)
rCorr   .          Rampage  .   (no gloves)
Will    .....                   k - +0 pair of boots
Stlth   +++.......              (no amulet)
HPRegen 0.13/turn               (no ring)
MPRegen 0.10/turn               (no ring)

@: about to teleport, studying Crossbows
A: small, no large weapons, nightstalker 3
a: no special abilities


You were on level 5 of the Dungeon.
You visited 1 branch of the dungeon, and saw 5 of its levels.

You collected 258 gold pieces.
You spent 58 gold pieces at shops.

Inventory:

Hand Weapons
 j - a +2 arbalest of flaming (weapon)
Missiles
 b - 2 throwing nets
Armour
 e - a +1 leather armour of fire resistance (worn)
 k - a +0 pair of boots (worn)
Wands
 i - a wand of digging (10)
Scrolls
 c - a scroll of immolation
Potions
 a - a potion of heal wounds {unknown}
 d - 3 potions of mutation
 f - 4 potions of curing
 g - a potion of ambrosia {unknown}
 h - 2 potions of resistance {unknown}
 l - a potion of flight {unknown}
 n - a potion of attraction {unknown}


   Skills:
 - Level 2.1 Fighting
 + Level 12.6 Crossbows
 - Level 2.4 Dodging
 - Level 1.3 Stealth


You had 6 spell levels left.
You didn't know any spells.
Your spell library contained the following spells:

 Spells                   Type           Power      Damage    Failure   Level
 Static Discharge         Conj/Air       0%         N/A       63%         2
 Tukima's Dance           Hex            0%         N/A       86%         3
 Dispel Undead            Necr           0%         3d6       99%         4
 Passage of Golubria      Tloc           0%         N/A       99%         4
 Sticky Flame             Conj/Fire      0%         2d3       99%         4
 Yara's Violent Unravell  Hex/Tmut       0%         3d3       100%        5
 Malign Gateway           Summ/Tloc      0%         N/A       100%        7
 Summon Horrible Things   Summ           0%         N/A       100%        8


Dungeon Overview and Level Annotations

Branches:
Dungeon (5/15)
 Temple: D:4-7

Altars:
Ru

Shops:
D:4 *

Annotations:
D:5 Dowan, Duvessa


Innate Abilities, Weirdness & Mutations

You are small and have problems with some larger weapons.
You are completely attuned to the shadows.


Message History

You hear a shout! x3
No target in view!
You now have 200 gold pieces (gained 6).
Duvessa, Sister of Dowan comes into view.
She is wielding a +1 rapier of speed.
Duvessa closely misses you. Duvessa completely misses you.
You see here a +0 leather armour.
Duvessa says, "Where magic fails, the sword succeeds!"
Duvessa attacks as you move away!
Duvessa hits you with a +1 rapier of speed!
You shoot a bolt. The bolt hits Duvessa.
The bolt burns Duvessa.
Duvessa is moderately wounded.
Duvessa closely misses you.
You shoot a bolt. The bolt hits Duvessa!
The bolt burns Duvessa.
Duvessa is heavily wounded.
You hear a shout!
Duvessa hits you with a +1 rapier of speed. x2
You are too injured to fight recklessly!
You are too injured to fight recklessly!
Okay, then.
Shoot: j) +2 arbalest (flame)
Press: ? - help, Q - select action, (/) - cycle Shift-Dir - straight line, f/p - Duvessa
Aim: Duvessa, wielding a +1 rapier of speed and wearing a +0 leather armour (heavily wounded, 72% to hit)
You shoot a bolt. The bolt hits Duvessa.
The bolt burns Duvessa.
Duvessa is heavily wounded.
Duvessa closely misses you.
Dowan, Brother of Duvessa comes into view.
He is wielding a +2 dagger of venom and wearing a +0 robe of the Archmagi.
Duvessa hits you with a +1 rapier of speed.
Shoot: j) +2 arbalest (flame)
Press: ? - help, Q - select action, (/) - cycle Shift-Dir - straight line, f/p - Duvessa
Aim: Duvessa, wielding a +1 rapier of speed and wearing a +0 leather armour (heavily wounded, 72% to hit)
You shoot a bolt. The bolt barely misses Duvessa.
Duvessa hits you with a +1 rapier of speed!
* * * LOW HITPOINT WARNING * * *
Duvessa misses you.
As you read the scroll of teleportation, it crumbles to dust.
You feel strangely unstable.
Duvessa hits you with a +1 rapier of speed.
* * * LOW HITPOINT WARNING * * *
Duvessa hits you with a +1 rapier of speed.
You die...

#..........#
#....#.....#
#....#.......
#...##.......
#....#......
#..........
#e####. #e# #@#
.. ##.. #.#PP.
.... #.#... .P.#
##.. #.P...
....##... #.....
...#.... #.P##.
#...... #.P#
#...###
#..#########..##
#.............#


You could see Duvessa and Dowan.

Vanquished Creatures
  An ogre (D:4)
  2 scorpions
  2 jellies
  Ijyb (D:3)
  An orc wizard (D:4)
  2 adders
  A shadow imp (D:4)
  2 worms (D:2)
  A dart slug (D:2)
  4 orcs
  A bat (D:2)
  An endoplasm (D:3)
  2 giant cockroaches (D:1)
  2 goblins
  5 hobgoblins
  13 kobolds
  3 quokkas
  7 ball pythons
  2 frilled lizards
  3 rats
56 creatures vanquished.

Notes
Turn   | Place    | Note
-------+----------+-------------------------------------------
     0 | D:1      | HoaS the Kobold Hunter began the quest for the Orb.
     0 | D:1      | Reached XP level 1. HP: 12/12 MP: 1/1
   181 | D:1      | Reached XP level 2. HP: 17/17 MP: 2/2
   253 | D:1      | Reached skill level 6 in Crossbows
   645 | D:2      | Reached XP level 3. HP: 21/21 MP: 3/3
  1338 | D:3      | Noticed Ijyb
  1350 | D:3      | Killed Ijyb
  1351 | D:3      | Reached skill level 7 in Crossbows
  1351 | D:3      | Reached XP level 4. HP: 22/26 MP: 4/4
  1365 | D:3      | Identified a scroll of acquirement
  1365 | D:3      | Acquired a manual of Crossbows
  1697 | D:3      | Found a sacrificial altar of Ru.
  1777 | D:4      | Reached skill level 8 in Crossbows
  1777 | D:4      | Reached XP level 5. HP: 30/30 MP: 5/5
  2043 | D:4      | Reached skill level 9 in Crossbows
  2174 | D:4      | Found Atuhy's General Store.
  2179 | D:4      | Bought a +0 pair of boots for 58 gold pieces
  2310 | D:4      | Acquired a +2 arbalest of flaming
  2321 | D:4      | Noticed an ogre
  2322 | D:4      | Killed an ogre
  2323 | D:4      | Reached skill level 10 in Crossbows
  2323 | D:4      | Reached XP level 6. HP: 35/35 MP: 6/6
  2401 | D:4      | Reached skill level 11 in Crossbows
  2682 | D:5      | Entered Level 5 of the Dungeon
  2722 | D:5      | Reached skill level 12 in Crossbows
  2722 | D:5      | Reached XP level 7. HP: 40/40 MP: 7/7
  2746 | D:5      | Noticed Duvessa
  2776 | D:5      | Noticed Dowan
  2778 | D:5      | HP: 2/40 [Duvessa/+1 rapier of speed (2)]
  2778 | D:5      | Slain by Duvessa

Illustrated notes

Levels and vault maps discovered:
D:1:      minmay_arrival_solitary_statue, layout_basic
D:2:      layout_loops_ring
D:3:      layout_basic, mainiacjoe_overflow_tiny_flanked,
          kennysheep_generic_room_4, uniq_ijyb
D:4:      layout_rooms, serial_shops, nicolae_shop_stone, minmay_misc_feat_chi,
          roderic_lattice_a
D:5:      layout_rooms, elyvilon_altar_5, kiku_gazebo_garden_becter,
          grunt_temple_overflow_open, minmay_splitting_lines,
          uniq_crazy_yiuf_cottage, uniq_blork_the_orc, uniq_duvessa

Skill      XL: |  1  2  3  4  5  6 |
---------------+-------------------+-----
Crossbows      | 6 7 8 10 12 | 12.6
Fighting       | |  2.1
Dodging        | |  2.4
Stealth        | |  1.3

Action                   |  1- 3 |  4- 6 |  7- 9 || total
-------------------------+-------+-------+-------++-------
 Fire: Hand crossbow     |    55 |    49 |       ||   104
       Arbalest          |       |    15 |     5 ||    20
  Use: Scroll            |     3 |     4 |     1 ||     8
Armor: Leather armour    |     3 |     4 |       ||     7
Dodge: Dodged            |    14 |    13 |     5 ||    32

Table legend: (Time is in decaauts)
 A = Elapsed time spent in this place.
 B = Non-inter-level travel time spent in this place.
 C = Inter-level travel time spent in this place.
 D = Time resting spent in this place.
 E = Time spent auto-exploring this place.
 F = Levels seen in this place.
 G = Mean time per level.
                   A        B        C        D        E       F      G
               +--------+--------+--------+--------+--------+-----+--------+
         Total |   2803 |   2731 |     72 |    292 |   2056 |   5 |  560.6 |
       Dungeon |   2803 |   2731 |     72 |    292 |   2056 |   5 |  560.6 |
               +--------+--------+--------+--------+--------+-----+--------+

Top non-repeatable levels by time:
     D:4: 927 daAuts
     D:2: 708 daAuts
     D:1: 589 daAuts
     D:3: 480 daAuts
     D:5: 97 daAuts
